 Dungeon Crawl Stone Soup version 0.26-a0-996-g6b303dbc09 (webtiles) character file.

Game seed: 9155204241022223847

7 Morbidden the Insei (level 1, 0/15 HPs)
             Began as a Demonspawn Transmuter on Dec 6, 2020.
             Slain by a bat (1 damage)
             ... on level 1 of the Dungeon.
             The game lasted 00:00:28 (304 turns).

Morbidden the Insei (Demonspawn Transmuter)          Turns: 304, Time: 00:00:28

Health: 0/15       AC:  2    Str: 10    XL:     1   Next: 91%
Magic:  1/3        EV: 12    Int: 14    God:
Gold:   34         SH:  0    Dex: 13    Spells: 3/4 levels left

rFire    . . .     SeeInvis .     - Unarmed
rCold    . . .     Faith    .   (no shield)
rNeg     . . .     Spirit   .   a - +0 robe
rPois    .         Reflect  .   (helmet currently unavailable)
rElec    .         Harm     .   (no cloak)
rCorr    .         Rampage  .   (no gloves)
MR       .....                  (boots currently unavailable)
Stlth    +.........             (no amulet)
HPRegen  0.05/turn              (no ring)
MPRegen  0.08/turn              (no ring)

@: appendages (expiring)
A: horns 2, talons 2
a: End Transformation


You were on level 1 of the Dungeon.
You had grown temporary horns.
You had grown temporary talons.
You visited 1 branch of the dungeon, and saw 1 of its levels.

You collected 34 gold pieces.

Inventory:

Missiles
 b - 9 poisoned darts (quivered)
Armour
 a - a +0 robe (worn)
Scrolls
 c - a scroll of remove curse {unknown}


   Skills:
 + Level 1.0 Fighting
 + Level 1.7 Dodging
 + Level 2.8 Unarmed Combat
 + Level 2.1 Spellcasting
 + Level 2.2 Transmutations


You had 3 spell levels left.
You knew the following spells:

 Your Spells              Type           Power        Failure   Level
a - Beastly Appendage     Tmut           #.....       10%         1

Your spell library contained the following spells:

 Spells                   Type           Power        Failure   Level
 Wereblood                Tmut           #.......     14%         2
 Spider Form              Tmut/Pois      #.........   41%         3
 Ice Form                 Ice/Tmut       #.......     83%         4
 Blade Hands              Tmut           #.........   95%         5


Dungeon Overview and Level Annotations

Branches:
Dungeon (1/15)

Altars:


Innate Abilities, Weirdness & Mutations

You have a pair of horns on your head.
You have razor-sharp toenails.


Message History

Unknown command.
You are too injured to fight recklessly!
Throw: 10 darts (poison)
Press: ? - help, Q - select action, (/) - cycle Shift-Dir - straight line, f - goblin
Aim: a goblin (heavily wounded)
You throw a poisoned dart.
The poisoned dart barely misses the goblin.
The bat hits you but does no damage. The goblin hits you.
* * * LOW HITPOINT WARNING * * *
Unknown command.
Unknown command.
The bat hits you.
* * * LOW HITPOINT WARNING * * *
The bat closely misses you. The bat hits you.
* * * LOW HITPOINT WARNING * * *
The bat hits you.
* * * LOW HITPOINT WARNING * * *
The bat hits you.
You die...

####### .......
.......####### #
.............#########.#.#..
(...........b@.....††......>
.......###.g.###.#####.#.#.#
####### #.### #.# # ####.#
#.# #....# #.# .# #....#
##'#####.# #....# #........#
#....# #........#
#....####.......##


You could see a goblin and a bat.

Vanquished Creatures
  4 jackals (D:1)
  A kobold (D:1)
  A frilled lizard (D:1)
6 creatures vanquished.

Notes
Turn   | Place    | Note
-------+----------+-------------------------------------------
     0 | D:1      | Morbidden the Demonspawn Transmuter began the quest for the
                  | Orb.
     0 | D:1      | Reached XP level 1. HP: 15/15 MP: 3/3
   304 | D:1      | Slain by a bat

Illustrated notes

Levels and vault maps discovered:
D:1:      minmay_arrival_five_plusses, layout_basic

Skill      XL: |  1 |
---------------+----+-----
Transmutations | 2 |  2.2
Fighting       | |  1.0
Dodging        | |  1.7
Unarmed Combat | |  2.8
Spellcasting   | |  2.1

Action                   || total
-------------------------++-------
Melee: Unarmed           ||    24
       Kick              ||     5
       Headbutt          ||     1
Throw: Dart              ||     1
 Cast: Beastly Appendage ||     5
Armor: Robe              ||     5
Dodge: Dodged            ||    18

Table legend: (Time is in decaauts)
 A = Elapsed time spent in this place.
 B = Non-inter-level travel time spent in this place.
 C = Inter-level travel time spent in this place.
 D = Time resting spent in this place.
 E = Time spent auto-exploring this place.
 F = Levels seen in this place.
 G = Mean time per level.
                   A        B        C        D        E       F      G
               +--------+--------+--------+--------+--------+-----+--------+
         Total |    302 |    302 |      0 |      0 |    233 |   1 |  302.0 |
       Dungeon |    302 |    302 |      0 |      0 |    233 |   1 |  302.0 |
               +--------+--------+--------+--------+--------+-----+--------+

Top non-repeatable levels by time:
     D:1: 302 daAuts
